 Dungeon Crawl Stone Soup version 0.24.0-123-gd5b16e6ec5 (webtiles) character file.

Game seed: 16607544891664574711, levelgen mode: deterministic

513 JustSomeDude the Slasher (level 7, -1/52 HPs)
             Began as a Demonspawn Gladiator on Feb 8, 2020.
             Was an Initiate of Qazlal.
             Slain by a two-headed ogre
             ... wielding a +0 giant club
              (12 damage)
             ... on level 5 of the Dungeon.
             The game lasted 00:09:49 (2520 turns).

JustSomeDude the Slasher (Demonspawn Gladiator)     Turns: 2520, Time: 00:09:49

Health: -1/52      AC: 11    Str: 24    XL:     7   Next: 0%
Magic:  7/7        EV: 13    Int: 10    God:    Qazlal [......]
Gold:   207        SH:  0    Dex: 14    Spells: 6/6 levels left

rFire    . . .     SeeInvis +   a - +0 long sword
rCold    . . .     Gourm    .   (no shield)
rNeg     . . .     Faith    .   r - -2 ring mail (curse)
rPois    .         Spirit   .   (helmet restricted)
rElec    .         Reflect  .   (no cloak)
rCorr    .         Harm     +   p - +1 pair of gloves
MR       .....                  (no boots)
Stlth    +.........             n - amulet of harm
HPRegen  0.17/turn              i - +3 ring of strength
MPRegen  0.10/turn              g - ring of see invisible

@: mighty, sanguine armour
A: horns 2, spiny 1, sanguine armour 1
a: Renounce Religion


You were on level 5 of the Dungeon.
You worshipped Qazlal.
Qazlal was noncommittal.
You were hungry.

You visited 2 branches of the dungeon, and saw 6 of its levels.

You collected 207 gold pieces.

Inventory:

Hand Weapons
 a - a +0 long sword (weapon)
 k - a +0 antimagic short sword
Missiles
 d - 3 throwing nets (quivered)
Armour
 b - a +0 leather armour
 p - a +1 pair of gloves (worn)
 r - a cursed -2 ring mail (worn)
Jewellery
 g - a ring of see invisible (right hand)
 i - a +3 ring of strength (left hand)
 n - an amulet of harm (around neck)
Wands
 s - a wand of polymorph (7)
 t - a wand of enslavement (14)
Scrolls
 c - a scroll of identify
 e - a scroll of amnesia {unknown}
 j - a scroll of remove curse {unknown}
 l - a scroll of fog {unknown}
 m - 2 scrolls of enchant weapon
 o - a scroll of fear {unknown}
 u - a scroll of teleportation {unknown}
 v - a scroll of noise {unknown}
Potions
 h - 2 potions of flight
Comestibles
 f - 7 rations


   Skills:
 + Level 3.2 Fighting
 + Level 5.2 Long Blades
 + Level 1.9 Throwing
 + Level 2.7 Armour
 + Level 3.7 Dodging
 + Level 1.3 Stealth


You had 6 spell levels left.
You didn't know any spells.
Your spell library contained the following spells:

 Spells                   Type           Power        Failure   Level  Hunger
 Confusing Touch          Hex            #.....       50%         1    ##.....
 Confuse                  Hex            #.......     86%         3    ####...
 Gell's Gravitas          Tloc           #.........   86%         3    ####...
 Petrify                  Tmut/Erth      #.......     99%         4    #####..
 Metabolic Englaciation   Hex/Ice        #.........   100%        5    ######.
 Yara's Violent Unravell  Hex/Tmut       #.........   100%        5    ######.


Dungeon Overview and Level Annotations

Branches:
Dungeon (5/15)             Temple (1/1) D:5

Altars:
Ashenzari
Dithmenos
Elyvilon
Fedhas
Gozag
Hepliaklqana
Makhleb
Nemelex Xobeh
Qazlal
Vehumet
Xom
Zin
The Shining One


Innate Abilities, Weirdness & Mutations

You have a pair of horns on your head.
You are partially covered in sharp spines.
When seriously injured, your bleeding wounds create armour. (AC +6)


Message History

8 curare-tipped darts; a frilled lizard skeleton You see here a scorpion corpse.
There is a shattered altar of Ashenzari here.
j - a scroll labeled SUGAYHURASI A two-headed ogre comes into view.
It is wielding two +0 giant clubs.
The two-headed ogre shouts in stereo!
A two-headed ogre is nearby!
A two-headed ogre is nearby!
It was a potion of might.
You feel very mighty all of a sudden.
You slash the two-headed ogre!
The two-headed ogre is moderately wounded.
The two-headed ogre is struck by your spines.
The two-headed ogre hits you with a +0 giant club! x2
* * * LOW HITPOINT WARNING * * *
You slash the two-headed ogre!
The two-headed ogre is severely wounded.
The two-headed ogre closely misses you.
The two-headed ogre hits you with a +0 giant club!
You die...

#...##..# #...##†##
#........ #........
#......#. #####
#......._
#######≈≈≈######......#.
..≈≈≈≈≈≈................
≈≈≈≈..O@.#######........
≈≈.####### #........
#........ #########


You could see a two-headed ogre.

Vanquished Creatures
  A phantom (D:5)
  A scorpion (D:5)
  A howler monkey (D:4)
  A crimson imp (D:5)
  A hound (D:3)
  2 orc wizards (D:3)
  An orc priest (D:3)
  A centaur skeleton (D:5)
  8 adders
  3 worms
  5 dart slugs
  A leopard gecko (D:1)
  4 orcs
  A ball python (D:2)
  6 hobgoblins
  4 jackals (D:3)
  12 kobolds
  8 bats
  5 frilled lizards
  8 goblins
  7 rats
81 creatures vanquished.

Notes
Turn   | Place    | Note
-------+----------+-------------------------------------------
     0 | D:1      | JustSomeDude the Demonspawn Gladiator began the quest for
                  | the Orb.
     0 | D:1      | Reached XP level 1. HP: 16/16 MP: 1/1
   105 | D:1      | Gained mutation: When seriously injured, your bleeding
                  | wounds create armour. (AC +6) [demonic ancestry]
   105 | D:1      | Reached XP level 2. HP: 12/22 MP: 2/2
   351 | D:1      | Reached skill level 3 in Long Blades
   745 | D:2      | Gained mutation: You have a pair of small horns on your
                  | head. [demonic ancestry]
   745 | D:2      | Reached XP level 3. HP: 23/27 MP: 3/3
   750 | D:2      | Reached skill level 1 in Armour
   881 | D:2      | Found a glowing silver altar of Zin.
  1195 | D:3      | Reached XP level 4. HP: 30/33 MP: 4/4
  1225 | D:3      | Reached XP level 5. HP: 18/39 MP: 5/5
  1237 | D:3      | Reached skill level 4 in Long Blades
  1832 | D:4      | Gained mutation: You have a pair of horns on your head.
                  | [demonic ancestry]
  1832 | D:4      | Reached XP level 6. HP: 46/46 MP: 6/6
  2220 | D:5      | Entered Level 5 of the Dungeon
  2259 | D:5      | Reached skill level 1 in Stealth
  2278 | D:5      | Found a staircase to the Ecumenical Temple.
  2285 | Temple   | Entered the Ecumenical Temple
  2388 | Temple   | Became a worshipper of Qazlal Stormbringer
  2425 | D:5      | Reached skill level 5 in Long Blades
  2429 | D:5      | Found a shattered altar of Ashenzari.
  2471 | D:5      | Gained mutation: You are partially covered in sharp spines.
                  | [demonic ancestry]
  2471 | D:5      | Reached XP level 7. HP: 22/52 MP: 7/7
  2513 | D:5      | Noticed a two-headed ogre
  2520 | D:5      | Slain by a two-headed ogre

Levels and vault maps discovered:
D:1:      lemuel_arrival_tunnels, layout_loops_ring, minmay_misc_feat_chi,
          minmay_crystal_room
D:2:      layout_basic, overflow_temple_1_default, serial_glass,
          glass_columns_c, glass_columns_b, minmay_ruptured
D:3:      layout_loops_ring, first_ration, st_stairs_8
D:4:      layout_loops_ring, chequers_serial_rivers_micro_a,
          grunt_decor_mini_mirrors
D:5:      layout_rooms, slow_altar_2, marbit_many_paths,
          minmay_temple_entry_purple_smoke, serial_rivers,
          chequers_serial_rivers_small_a, chequers_serial_rivers_room_b,
          chequers_serial_rivers_small_b, chequers_serial_rivers_micro_d,
          chequers_serial_rivers_micro_d, dk_vineyard_3, ashenzari_altar_1
Temple:   nicolae_temple_hex_pool

Skill      XL: |  1  2  3  4  5  6 |
---------------+-------------------+-----
Dodging        | 3 |  3.7
Long Blades    | 3 4 5 |  5.2
Armour         | 1 2 |  2.7
Stealth        | 1 |  1.3
Fighting       | 3 |  3.2
Throwing       | |  1.9

Action                   |  1- 3 |  4- 6 |  7- 9 || total
-------------------------+-------+-------+-------++-------
Melee: Long sword        |    97 |   161 |     2 ||   260
       Headbutt          |     7 |    38 |       ||    45
  Use: Potion            |       |     5 |     1 ||     6
       Scroll            |       |     1 |       ||     1
 Stab: Sleeping          |     1 |     1 |       ||     2
  Eat: Chunk             |     1 |     4 |       ||     5
Armor: Leather armour    |    39 |    26 |       ||    65
       Ring mail         |       |    16 |       ||    16
Dodge: Dodged            |    72 |   109 |     1 ||   182
       Rpst.: Long sword |    21 |    34 |       ||    55
